 Dungeon Crawl Stone Soup version 0.29-a0-214-g17f627cfee (webtiles) character file.

Game seed: 6293644437729755828

7 spaghetti the Caller (level 1, 0/13 HPs)
             Began as a Demonspawn Summoner on Feb 24, 2022.
             Succumbed to a goblin's poison
             ... on level 1 of the Dungeon.
             The game lasted 00:00:36 (342 turns).

spaghetti the Caller (Demonspawn Summoner)           Turns: 342, Time: 00:00:37

Health: 0/13       AC:  2    Str:  8    XL:     1   Next: 83%
Magic:  2/3        EV: 12    Int: 16    God:
Gold:   19         SH:  0    Dex: 13    Spells: 3/4 levels left

rFire   . . .      SeeInvis .   b - +0 short sword {short}
rCold   . . .      Faith    .   (no shield)
rNeg    . . .      Spirit   .   a - +0 robe
rPois   .          Reflect  .   (no helmet)
rElec   .          Harm     .   (no cloak)
rCorr   .          Rampage  .   (no gloves)
Will    .....                   (no boots)
Stlth   ++........              (no amulet)
HPRegen 0.04/turn               (no ring)
MPRegen 0.08/turn               (no ring)

@: lethally poisoned (0 -> -6)
A: no striking features
a: no special abilities


You were on level 1 of the Dungeon.
You visited 1 branch of the dungeon, and saw 1 of its levels.

You collected 19 gold pieces.


   Skills:
 - Level 1.7 Dodging
 - Level 1.7 Stealth
 + Level 1.3 Unarmed Combat
 - Level 2.0 Spellcasting
 - Level 4.0 Summonings


You had 3 spell levels left.
You knew the following spells:

 Your Spells              Type           Power      Damage    Failure   Level
a - Summon Small Mammal   Summ           56%        N/A       4%          1

Your spell library contained the following spells:

 Spells                   Type           Power      Damage    Failure   Level
 Call Imp                 Summ           14%        N/A       6%          2
 Call Canine Familiar     Summ           14%        N/A       12%         3
 Summon Guardian Golem    Hex/Summ       8%         N/A       26%         3
 Summon Lightning Spire   Summ/Air       8%         N/A       65%         4

Inventory:

Hand Weapons
 b - a +0 short sword (weapon) {short}
   (You took it off a kobold on level 1 of the Dungeon)
Missiles
 e - 23 stones {throwing}
Armour
 a - a +0 robe (worn)
 d - an orb of light
   (You found it on level 1 of the Dungeon)
Scrolls
 c - a scroll of magic mapping {unknown}

Dungeon Overview and Level Annotations

Branches:
Dungeon (1/15)

Altars:

##.....######.....
#####.....### #[#.#..
............#####+####
..................
.........##........
.........#########.
.........#########
.#........)......#
....#.#.#@#......
#.......B.g......
....#.#b#.#......
#................
....#.#.#.#......
.##..............
#.#.#.#.#......
.............#.


You could see a giant cockroach (ally target), a goblin and a friendly bat
(summoned).


Message History

Your hp is fully restored (13).
Your mp is fully restored (3).
A dart slug comes into view.
A dart slug is nearby!
You hit the dart slug.
The dart slug bites you but does no damage.
You hit the dart slug. You completely miss the dart slug.
The dart slug briefly extends its eye-stalks.
The dart slug bites you but does no damage.
You completely miss the dart slug. The dart slug closely misses you.
You hit the dart slug. The dart slug bites you. 😕 HP[-1]
You take 1 damage, and now have 12/13 hp.
You barely miss the dart slug. You hit the dart slug.
You kill the dart slug!
Your Unarmed Combat skill increases to level 1!
No target in view!
No target in view!
No target in view!
No target in view!
No target in view!
You now have 19 gold pieces (gained 8).
Found a stone staircase leading down. 😎 HP[+1]
Your hp is fully restored (13).
Found a runed orb.
You see here an orb of light.
A giant cockroach comes into view.
You see here 23 stones {throwing}.
You see here an orb of light.
d - an orb of light You see here 23 stones {throwing}.
You hit the giant cockroach.
The giant cockroach bites you but does no damage.
You completely miss the giant cockroach.
The giant cockroach bites you but does no damage.
The giant cockroach barely misses you.
You closely miss the giant cockroach.
The giant cockroach bites you but does no damage.
You barely miss the giant cockroach. The giant cockroach closely misses you.
You barely miss the giant cockroach. The giant cockroach closely misses you.
The giant cockroach bites you but does no damage.
You hit the giant cockroach. The giant cockroach closely misses you.
You hit the giant cockroach.
You kill the giant cockroach!
No target in view!
e - 23 stones {throwing} A giant cockroach comes into view.
A giant cockroach is nearby!
A giant cockroach is nearby!
A giant cockroach is nearby!
A goblin comes into view. It is wielding a +0 dagger of venom.
A goblin comes into view. It is wielding a +0 dagger.
The goblin shouts!
The giant cockroach completely misses you.
You hit the giant cockroach. The giant cockroach closely misses you.
The giant cockroach barely misses you.
You barely miss the giant cockroach. The giant cockroach closely misses you.
You hit the giant cockroach but do no damage.
The giant cockroach barely misses you.
You hit the giant cockroach but do no damage.
The giant cockroach bites you but does no damage. x2
The goblin closely misses you.
You barely miss the giant cockroach. The giant cockroach misses you.
The goblin hits you with a +0 dagger of venom.
You are lethally poisoned! 😮 HP[-4]
You take 4 damage, and now have 9/13 hp.
MASSIVE DAMAGE!! (PAUSE)
You are too injured to fight recklessly!
Casting: Summon Small Mammal (safe; 4% risk of failure)
Press: ? - help, Q - select action, (/) - cycle Dir - look around, f - activate
* * * LOW HITPOINT WARNING * * *
You feel very sick.
The giant cockroach bites you but does no damage. 😨 HP[-3] MP[-1]
You take 3 damage, and now have 6/13 hp.
MASSIVE DAMAGE!! (PAUSE)
You lost 1 mp, and now have 2/3 mp.
You aren't carrying any potions.
Okay, then.
You are lethally poisoned (6 -> -3).
Your movement speed is average.
Your attack delay is about 1.1.
Unknown command.
You hit the goblin.
* * * LOW HITPOINT WARNING * * *
You feel sick.
Your bat barely misses the giant cockroach.
The giant cockroach bites you.
* * * LOW HITPOINT WARNING * * *
The goblin barely misses you.
The giant cockroach bites you but does no damage. 😱 HP[-4]
You take 4 damage, and now have 2/13 hp.
MASSIVE DAMAGE!! (PAUSE) Unknown command.
You hit the goblin.
You kill the goblin!
You die...

Skill      XL: |  1 |
---------------+----+-----
Unarmed Combat | 1 |  1.3
Dodging        | |  1.7
Stealth        | |  1.7
Spellcasting   | |  2.0
Summonings     | |  4.0

Action                   || total
-------------------------++-------
Melee: Short sword       ||    21
       Unarmed           ||     3
 Cast: Summon Small Mamm ||     4
Armor: Robe              ||    13
Dodge: Dodged            ||    19

Levels and vault maps discovered:
D:1:      arrival_zaba_pyramid, layout_basic, serial_glass, glass_columns_b,
          glass_columns_a, glass_columns_a, glass_columns_a, glass_columns_c,
          glass_columns_b, glass_columns_b, glass_columns_b, glass_columns_c,
          glass_columns_c, glass_columns_a, glass_columns_b, glass_columns_c,
          glass_columns_b, minivault_25

Notes
Turn   | Place    | Note
-------+----------+-------------------------------------------
     0 | D:1      | spaghetti the Demonspawn Summoner began the quest for the
                  | Orb.
     0 | D:1      | Reached XP level 1. HP: 13/13 MP: 3/3
     0 | D:1      | magus.rc [v1.9.6]
   263 | D:1      | Reached skill level 1 in Unarmed Combat
   341 | D:1      | HP: 2/13 [giant cockroach (2)]
   342 | D:1      | Succumbed to a goblin's poison

Vanquished Creatures
  A dart slug (D:1)
  A giant cockroach (D:1)
  A goblin (D:1)
3 creatures vanquished.

Vanquished Creatures (collateral kills)
  A kobold (D:1)
  A ball python (D:1)
  A bat (D:1)
3 creatures vanquished.

Grand Total: 6 creatures vanquished

Table legend:
 A = Non-vault XP
 B = Vault XP
 C = Vault XP percentage of total XP
 D = Non-vault monster count
 E = Vault monster count
 F = Vault count percentage of total count
                 A         B        C        D         E       F
            +---------+---------+-------+---------+---------+-------
      Total |      12 |       0 |   0.0 |       6 |       0 |   0.0
            +---------+---------+-------+---------+---------+-------
        D:1 |      12 |       0 |   0.0 |       6 |       0 |   0.0
            +---------+---------+-------+---------+---------+-------

Illustrated notes

Table legend:
 A = Kills in this place as a percentage of kills in entire the game.
 B = Kills by you in this place as a percentage of kills by you in the entire game.
 C = Kills by friends in this place as a percentage of kills by friends in the entire game.
 D = Other kills in this place as a percentage of other kills in the entire game.
 E = Experience gained in this place as a percentage of experience gained in the entire game.
 F = Experience gained in this place divided by the number of levels of this place that you have seen.
                   A       B       C       D       E      F
               +-------+-------+-------+-------+-------+----------------------
         Total | 100.0 | 100.0 | 100.0 |   N/A | 100.0 |  12.0
       Dungeon | 100.0 | 100.0 | 100.0 |   N/A | 100.0 |  12.0
               +-------+-------+-------+-------+-------+----------------------

Table legend: (Time is in decaauts)
 A = Elapsed time spent in this place.
 B = Non-inter-level travel time spent in this place.
 C = Inter-level travel time spent in this place.
 D = Time resting spent in this place.
 E = Time spent auto-exploring this place.
 F = Levels seen in this place.
 G = Mean time per level.
                   A        B        C        D        E       F      G
               +--------+--------+--------+--------+--------+-----+--------+
         Total |    343 |    343 |      0 |      0 |    279 |   1 |  343.0 |
       Dungeon |    343 |    343 |      0 |      0 |    279 |   1 |  343.0 |
               +--------+--------+--------+--------+--------+-----+--------+

Top non-repeatable levels by time:
     D:1: 343 daAuts
